 Dungeon Crawl Stone Soup version 0.31.0-10-gcf4a605ca0 (webtiles) character file.

Game seed: 2760150213371996117

28 Gadfly the Ruffian (level 3, 26/26 HPs)
             Began as a Demonspawn Shapeshifter on Jan 26, 2024.
             Quit the game on level 1 of the Dungeon.
             The game lasted 00:01:12 (440 turns).

Gadfly the Ruffian (Demonspawn Shapeshifter)         Turns: 440, Time: 00:01:12

Health: 26/26      AC:  2    Str: 16    XL:     3   Next: 0%
Magic:  3/3        EV: 12    Int: 10    God:
Gold:   29         SH:  0    Dex: 12    Spells: 2/2 levels left

rFire   . . .        b - +1 dagger (venom)
rCold   . . .        (no shield)
rNeg    . . .        a - +0 animal skin
rPois   .            (helmet currently unavailable)
rElec   .            (cloak currently unavailable)
rCorr   .            (gloves currently unavailable)
SInv    .            (boots currently unavailable)
Will    .....        (no amulet)
Stlth   +            (no ring)
HPRegen 0.24/turn    (no ring)
MPRegen 0.16/turn

%: no passive effects
@: beast-form
A: beast (slay +1), horns 1, magic regeneration
a: Begin Untransformation


You were on level 1 of the Dungeon.
You were a hulking beast.
You visited 1 branch of the dungeon, and saw 1 of its levels.

You collected 29 gold pieces.

Inventory:

Hand Weapons
 b - a +1 dagger of venom (weapon)
Armour
 a - a +0 animal skin (worn)
Talismans
 c - a beast talisman
 d - a flux talisman
Scrolls
 f - a scroll of vulnerability {unknown}
 g - a scroll of enchant armour {unknown}
 h - a scroll of identify {unknown}
Potions
 e - a potion of lignification


   Skills:
 + Level 1.3 Fighting
 * Level 2.1 Dodging
 * Level 3.0 Unarmed Combat
 * Level 1.0 Evocations
 * Level 2.9 Shapeshifting


You had 2 spell levels left.
You didn't know any spells.
Your spell library was empty.

Dungeon Overview and Level Annotations

Branches:
Dungeon (1/15)

Altars:


Innate Abilities, Weirdness & Mutations

You are a hulking beast.
Your limbs bulge with bestial killing power. (Slay +1)
You have a pair of small horns on your head.
You regenerate magic rapidly.


Message History

No target in view!
No target in view!
No target in view!
No target in view!
No target in view!
No target in view!
No target in view!
No target in view!
No target in view!
Found 5 stones.
A quokka comes into view.
A quokka is nearby!
Found a stone staircase leading down.
A rat comes into view.
The rat squeaks loudly.
You hit the quokka.
The quokka is poisoned.
The quokka is heavily wounded.
The quokka bites you. The quokka barely misses you.
You hit the quokka.
You kill the quokka!
Found a stone staircase leading down.
You hit the rat.
The rat is poisoned.
The rat is heavily wounded.
You kill the rat!
You have reached level 3!
Your experience leads to an increase in your attributes!
Increase (S)trength, (I)ntelligence, or (D)exterity?
You feel stronger. x2; Your demonic ancestry asserts itself...
Your magic begins to regenerate rapidly.
You see here a rat corpse.
You see here a quokka corpse.
Found 4 stones.
There is a stone staircase leading down here.
You see here 4 stones.
You now have 29 gold pieces (gained 6).
You see here 4 stones.
A bat comes into view.
The bat moves out of view.
A bat is nearby!
Are you sure you want to abandon this character and quit the game? (Confirm with "yes".)

#####.####....#####....
###.....).##..### #....
##...#......##.### ###..
##...##....#b..>..#######.#
#..#####.....####.....##..#
##.## #....###..........##
#..# #....#########....#.
#.## ##.....## ##...#. #.###
#...h...# #.###. #<..#
#...##.#.# #.# #.
#........###...########.###.
#####...## ##.##............
#...##########.##.#..........
#.........#.##....#..........
#........(#.....###........)†
#...>......†................)
#.........†.##...#########...


You could see a bat (wandering).

Vanquished Creatures
  2 dart slugs (D:1)
  2 endoplasms (D:1)
  3 giant cockroaches (D:1)
  2 goblins (D:1)
  2 hobgoblins (D:1)
  A quokka (D:1)
  4 bats (D:1)
  A frilled lizard (D:1)
  3 kobolds (D:1)
  3 rats (D:1)
23 creatures vanquished.

Notes
Turn   | Place    | Note
-------+----------+-------------------------------------------
     0 | D:1      | Gadfly the Demonspawn Shapeshifter began the quest for the
                  | Orb.
     0 | D:1      | Reached XP level 1. HP: 15/15 MP: 1/1
   147 | D:1      | Gained mutation: You have a pair of small horns on your
                  | head. [demonic ancestry]
   147 | D:1      | Reached XP level 2. HP: 21/21 MP: 2/2
   259 | D:1      | Reached skill level 1 in Evocations
   344 | D:1      | Reached skill level 3 in Unarmed Combat
   374 | D:1      | Gained mutation: You regenerate magic rapidly. [demonic
                  | ancestry]
   374 | D:1      | Reached XP level 3. HP: 24/26 MP: 3/3
   440 | D:1      | Quit the game

Illustrated notes

Levels and vault maps discovered:
D:1:      dpeg_arrival_round_b, layout_rooms

Skill      XL: |  1  2 |
---------------+-------+-----
Dodging        | 2 |  2.1
Evocations     | 1 |  1.0
Unarmed Combat | 3 |  3.0
Fighting       | |  1.3
Shapeshifting  | |  2.9

Action                     || total
---------------------------++-------
  Melee: Dagger            ||    39
         Unarmed           ||     6
         Punch             ||     1
         Headbutt          ||     5
 Armour: Animal skin       ||    28
  Dodge: Dodged            ||    34
